 Dungeon Crawl Stone Soup version 0.31-a0-182-gc5ef74bbde (webtiles) character file.

Game seed: 13959312803567836150

406 qw the Chopper (level 6, -6/40 HPs)
             Began as a Gargoyle Fighter on June 20, 2023.
             Mangled by an ogre
             ... wielding a +0 giant spiked club
              (28 damage)
             ... on level 4 of the Dungeon.
             The game lasted 00:01:46 (3217 turns).

qw the Chopper (Gargoyle Fighter)                   Turns: 3217, Time: 00:01:47

Health: -6/40      AC: 18    Str: 22    XL:     6   Next: 87%
Magic:  6/6        EV:  8    Int:  6    God:
Gold:   154        SH:  4    Dex:  9    Spells: 5/5 levels left

rFire   . . .        Y - +1 war axe (elec)
rCold   . . .        c - +0 buckler
rNeg    + . .        k - +0 chain mail
rPois   inf          (helmet restricted)
rElec   +            (no cloak)
rCorr   .            h - +1 pair of gloves
SInv    .            g - +0 pair of boots
Will    .....        (no amulet) Stlth
                     (no ring)
HPRegen 0.26/turn    (no ring)
MPRegen 0.10/turn

%: no passive effects
@: no status effects
A: sickness immunity, AC +4, negative energy resistance 1, electricity
resistance, torment resistance 1, petrification resistance, beak, iridescent
scales 1, dopey 1
a: no special abilities


You were on level 4 of the Dungeon.
You visited 1 branch of the dungeon, and saw 4 of its levels.

You collected 199 gold pieces.
You spent 45 gold pieces at shops.


Innate Abilities, Weirdness & Mutations

You are immune to sickness and miasma.
Your stone body is resilient. (AC +4)
You are immune to poison.
You resist negative energy. (rN+)
You are resistant to electric shocks. (rElec)
You are resistant to unholy torment.
You are immune to petrification.
You have a beak for a mouth.
You are partially covered in iridescent scales. (AC +2)
You are dopey. (Int -2)


   Skills:
 - Level 5.1 Fighting
 + Level 5.6 Axes
 - Level 3.2 Armour
 - Level 3.2 Shields


You had 5 spell levels left.
You didn't know any spells.
Your spell library was empty.

Inventory:

Hand Weapons
 j - a +0 flail
 Y - a +1 war axe of electrocution (weapon)
Missiles
 m - 3 boomerangs (quivered)
Armour
 c - a +0 buckler (worn)
 g - a +0 pair of boots (worn)
 h - a +1 pair of gloves (worn)
 k - a +0 chain mail (worn)
Scrolls
 b - a scroll of identify {unknown}
 e - 3 scrolls of teleportation
 i - a scroll of revelation {unknown}
 l - a scroll of fog {unknown}
Potions
 a - 2 potions of cancellation {unknown}
 d - a potion of might
 f - 3 potions of mutation

Dungeon Overview and Level Annotations

Branches:
Dungeon (4/15)
 Temple: D:4-7

Altars:
Cheibriados

Shops:
D:2 [

Annotations:
D:3 1 runed translucent door, Crazy Yiuf


Message History

Enter note:
Enter note:
Enter note:
Enter note:
Enter note:
Enter note:
Enter note:
Enter note:
Enter note:
Enter note:
Enter note: You barely miss the orc.
Your peck misses the orc.
The orc priest hits you from afar with a +1 trident of venom.
The orc barely misses you.
You slash the orc!
You kill the orc!
The orc priest begins to cast a cantrip, but forgets the words!
You closely miss the orc.
The orc priest casts a cantrip, but nothing happens.
The orc closely misses you.
You hit the orc.
The orc is heavily wounded.
The orc priest calls upon Beogh to heal the orc.
The orc's wounds heal themselves!
The orc hits you with a +0 dagger.
You slash the orc!
You kill the orc!
The orc priest invokes the aid of Beogh against you.
Beogh smites you!
The orc priest hits you from afar with a +1 trident of venom.
You barely miss the ogre. You block the ogre's attack.
The orc priest hits you from afar with a +1 trident of venom.
You hit the ogre. You peck the ogre, but do no damage.
The ogre is lightly wounded.
You slash the orc! Lightning courses through the orc!!
You kill the orc!
The orc priest hits you but does no damage.
The ogre hits you with a +0 giant spiked club!!
Ouch! That really hurt!
You die...

.< ... ###..
##... .
####..#####..
#..#.........
#.....)......
##....@O......
###...#...o#....
##..#..##..## .
#...#.....##
###...##..#...
##.....###......
#...#...........
#...###..........
# #..##.#%.......


You could see an ogre and an orc priest.

Vanquished Creatures
  Eustachio (D:4)
  A scorpion (D:4)
  An iguana (D:4)
  2 orc wizards (D:3)
  2 adders
  3 worms
  3 dart slugs
  13 orcs
  4 bats
  7 endoplasms
  2 giant cockroaches
  4 goblins
  7 jackals
  3 quokkas
  13 ball pythons
  3 frilled lizards
  12 kobolds
  8 rats
89 creatures vanquished.

Notes
Turn   | Place    | Note
-------+----------+-------------------------------------------
     0 | D:1      | qw the Gargoyle Fighter began the quest for the Orb.
     0 | D:1      | Reached XP level 1. HP: 14/14 MP: 1/1
     0 | D:1      | 0 ||| qw: Version: 0.3-a-9-g12657ce
     0 | D:1      | 0 ||| qw: Game counter: 1215
     0 | D:1      | 0 ||| qw: Always use a shield: true
     0 | D:1      | 0 ||| qw: God list: Okawaru
     0 | D:1      | 0 ||| qw: Allow faded altars: false
     0 | D:1      | 0 ||| qw: Do Orc after D:15 true
     0 | D:1      | 0 ||| qw: Do second Lair branch before Depths: true
     0 | D:1      | 0 ||| qw: Lair rune preference: random
     0 | D:1      | 0 ||| qw: Plans: Normal, Zot:1-4, Slime:5, God:TSO, Crypt,
                  | Tomb, Abyss, Pan, Hells, Win
     0 | D:1      | 0 ||| PLANNING D:1-11
   203 | D:1      | 203 ||| Stepping ~*~*~tactically~*~*~ (hiding).
   206 | D:1      | 206 ||| Stepping ~*~*~tactically~*~*~ (hiding).
   218 | D:1      | Reached XP level 2. HP: 17/19 MP: 2/2
   248 | D:1      | 248 ||| Stepping ~*~*~tactically~*~*~ (stealth).
   292 | D:1      | 292 ||| Stepping ~*~*~tactically~*~*~ (hiding).
   664 | D:1      | 664 ||| Stepping ~*~*~tactically~*~*~ (stealth).
   665 | D:1      | 665 ||| Stepping ~*~*~tactically~*~*~ (stealth).
   827 | D:1      | 827 ||| Stepping ~*~*~tactically~*~*~ (stealth).
   828 | D:1      | 828 ||| Stepping ~*~*~tactically~*~*~ (stealth).
   837 | D:1      | Reached skill level 3 in Axes
   919 | D:1      | 919 ||| READING scroll labelled MEIRGH VILO.
   920 | D:1      | 920 ||| READING scroll labelled SASTUG SERE.
   921 | D:1      | 921 ||| READING scroll labelled QOCKUI QEECVE.
   965 | D:2      | Reached XP level 3. HP: 23/23 MP: 3/3
  1030 | D:2      | 1030 ||| DROPPING +0 whip.
  1124 | D:2      | 1124 ||| Stepping ~*~*~tactically~*~*~ (hiding).
  1289 | D:2      | Found a snail-covered altar of Cheibriados.
  1369 | D:2      | Found Kippa's Armour Boutique.
  1373 | D:2      | 1373 ||| BUYING +0 pair of boots (45 gold).
  1373 | D:2      | Bought a +0 pair of boots for 45 gold pieces
  1373 | D:2      | 1373 ||| SHOPLISTING +1 pair of gloves (115 gold, have 20).
  1373 | D:2      | 1373 ||| SHOPLISTING +15 Maxwell's patent armour {-Cast
                  | -Tele rElec Will+ rCorr} (1064 gold, have 20).
  1373 | D:2      | 1373 ||| SHOPLISTING +2 robe of resistance (377 gold, have
                  | 20).
  1428 | D:2      | 1428 ||| Stepping ~*~*~tactically~*~*~ (hiding).
  1429 | D:2      | 1429 ||| Stepping ~*~*~tactically~*~*~ (hiding).
  1549 | D:2      | 1549 ||| Stepping ~*~*~tactically~*~*~ (hiding).
  1696 | D:2      | 1696 ||| Stepping ~*~*~tactically~*~*~ (hiding).
  1977 | D:2      | Reached XP level 4. HP: 27/28 MP: 4/4
  2008 | D:2      | 2008 ||| UPGRADING to +0 pair of boots.
  2013 | D:2      | 2013 ||| UPGRADING to +0 pair of gloves.
  2121 | D:3      | Identified the +7 rapier of Wujut {freeze, rN+ Int-2 Dex+8}
  2128 | D:3      | 2128 ||| READING scroll of enchant armour.
  2128 | D:3      | 2128 ||| ENCHANTING +0 pair of gloves.
  2261 | D:3      | 2261 ||| SWAPPING to +1 war axe of electrocution.
  2262 | D:3      | 2262 ||| DROPPING +0 war axe.
  2305 | D:3      | 2305 ||| Stepping ~*~*~tactically~*~*~ (stealth).
  2319 | D:3      | Reached XP level 5. HP: 32/32 MP: 5/5
  2426 | D:3      | 2426 ||| Stepping ~*~*~tactically~*~*~ (stealth).
  2452 | D:3      | Found a faded altar of an unknown god.
  2453 | D:3      | 2453 ||| DROPPING +0 mace.
  2473 | D:3      | 2473 ||| Stepping ~*~*~tactically~*~*~ (stealth).
  2475 | D:3      | 2475 ||| Stepping ~*~*~tactically~*~*~ (stealth).
  2736 | D:3      | Found a runed translucent door.
  2737 | D:3      | Noticed Crazy Yiuf
  2772 | D:3      | 2772 ||| UPGRADING to +0 chain mail.
  2782 | D:3      | 2782 ||| DROPPING +0 scale mail.
  2783 | D:3      | 2783 ||| READING scroll labelled PIMPEXT EDDE.
  2784 | D:3      | 2784 ||| DRINKING 5 fuming brown potions.
  2784 | D:3      | Gained mutation: You have sharp toenails. [potion of
                  | mutation]
  2784 | D:3      | Lost mutation: You have sharp toenails. [potion of
                  | mutation]
  2784 | D:3      | Gained mutation: You sometimes lose your temper in combat.
                  | [potion of mutation]
  2785 | D:3      | 2785 ||| DRINKING 4 potions of mutation.
  2785 | D:3      | Lost mutation: You sometimes lose your temper in combat.
                  | [potion of mutation]
  2785 | D:3      | Gained mutation: You have a beak for a mouth. [potion of
                  | mutation]
  2785 | D:3      | Gained mutation: You are dopey. (Int -2) [potion of
                  | mutation]
  2785 | D:3      | Gained mutation: You are partially covered in iridescent
                  | scales. (AC +2) [potion of mutation]
  2826 | D:4      | Noticed Eustachio
  2855 | D:4      | Killed Eustachio
  2856 | D:4      | Reached XP level 6. HP: 17/40 MP: 6/6
  3156 | D:4      | 3156 ||| Stepping ~*~*~tactically~*~*~ (hiding).
  3217 | D:4      | Mangled by an ogre

Levels and vault maps discovered:
D:1:      elethiomel_arrival_maze, layout_basic
D:2:      layout_loops_ring, basic_altar, serial_shops,
          nicolae_shop_back_alley_shop, minmay_statues_item
D:3:      layout_basic, nicolae_ecumenical_snake_handling,
          kennysheep_decorative_pillar, uniq_crazy_yiuf_cottage
D:4:      layout_cave_pools, yredelemnul_forgotten_temple_becter,
          minmay_misc_feat_five, nicolae_letterblocks [nicolae_letter_subblock,
          nicolae_letter_subblock, nicolae_letter_subblock,
          nicolae_letter_subblock, nicolae_letter_subblock,
          nicolae_letter_subblock, nicolae_letter_subblock,
          nicolae_letter_subblock, nicolae_letter_subblock,
          nicolae_letter_subblock, nicolae_letter_subblock,
          nicolae_letter_subblock, nicolae_letter_subblock,
          nicolae_letter_subblock, nicolae_letter_subblock,
          nicolae_letter_subblock, nicolae_letter_subblock,
          nicolae_letter_subblock, nicolae_letter_subblock,
          nicolae_letter_subblock, nicolae_letter_subblock,
          nicolae_letter_subblock, nicolae_letter_subblock,
          nicolae_letter_subblock, nicolae_letter_subblock], uniq_eustachio

Skill      XL: |  1  2  3  4  5 |
---------------+----------------+-----
Axes           | 2 3 4 5 |  5.6
Fighting       | 5 |  5.1
Armour         | |  3.2
Shields        | |  3.2

Action                     |  1- 3 |  4- 6 || total
---------------------------+-------+-------++-------
  Melee: War axe           |   126 |   139 ||   265
         Peck              |       |    10 ||    10
  Throw: Boomerang         |       |     5 ||     5
    Use: Scroll            |     3 |     2 ||     5
         Potion            |       |     2 ||     2
 Armour: Scale mail        |    54 |    50 ||   104
         Chain mail        |       |    26 ||    26
  Dodge: Dodged            |    47 |    58 ||   105
  Block: Buckler           |    19 |    24 ||    43

Table legend:
 A = Non-vault XP
 B = Vault XP
 C = Vault XP percentage of total XP
 D = Non-vault monster count
 E = Vault monster count
 F = Vault count percentage of total count
                 A         B        C        D         E       F
            +---------+---------+-------+---------+---------+-------
      Total |     367 |     217 |  37.2 |      83 |       6 |   6.7
            +---------+---------+-------+---------+---------+-------
        D:1 |      31 |       0 |   0.0 |      20 |       0 |   0.0
        D:2 |      52 |       0 |   0.0 |      24 |       0 |   0.0
        D:3 |     118 |      20 |  14.5 |      23 |       5 |  17.9
        D:4 |     166 |     197 |  54.3 |      16 |       1 |   5.9
            +---------+---------+-------+---------+---------+-------
